Ulik, chaotic male human Wizard ------ -- --- ....-... |...... ------.........--- |...........%.........| -...........u.[.....-- ......).....@)---....- -- --. |..| -.......| ---- )......| -^.....-- -.....-- ...... .....- .....| .....- ..|.... .----.. - --- Ulik the Thaumaturge Experience level: 9 Strength: 11 Dexterity: 15 Constitution: 16 Intelligence: 17 Wisdom: 12 Charisma: 10 Health: 0(70) Energy: 32(96) AC: 7 Gold: 23 Moves: 5219 Your Inventory: Coins $ - 23 gold pieces Weapons a - a blessed +1 quarterstaff (weapon in hands) Armor b - an uncursed +0 cloak of magic resistance (being worn) n - an uncursed rusty +0 orcish helm (being worn) G - an uncursed +0 pair of hard shoes [iron] (being worn) Comestibles N - an [uncursed] pancake V - 2 [uncursed] food rations Scrolls j - a blessed scroll of charging k - 2 uncursed scrolls of create monster A - 2 uncursed scrolls of remove curse Spellbooks l - a blessed spellbook of force bolt m - an uncursed spellbook of cure blindness U - an [uncursed] spellbook of haste self named 1 time Potions f - a blessed potion of object detection g - an uncursed potion of gain ability h - an uncursed potion of restore ability J - a cursed murky potion [of confusion] Rings d - an uncursed +3 ring of increase damage (on right hand) e - an uncursed ring of cold resistance (on left hand) I - a cursed [-1] porcelain ring [of adornment] Wands c - an uncursed wand of speed monster (0:5) v - a blessed wand of light (0:13) z - an uncursed black wand [of probing (0:5)] L - an uncursed wand of magic missile (0:0) T - an [uncursed] chrome wand [of undead turning (0:7)] Tools o - an uncursed tin whistle p - an uncursed stethoscope t - an uncursed key [skeleton key] w - an uncursed sack B - an uncursed oil lamp (0:1365) C - an uncursed magic marker (0:68) K - an uncursed key [skeleton key] M - an uncursed [tallow] candle W - an [uncursed] sack X - an [uncursed +0] pick-axe Spells known in the end: Name Level Category Fail Memory a - force bolt 1 attack 10% [||||||..] b - cure blindness 2 healing 27% [||||||..] c - haste self 3 escape 91% [||||||||] Your skills at the end: Fighting Skills Weapon Skills quarterstaff [Basic / Expert] Spellcasting Skills attack spells [Skilled / Expert] enchantment spells [Basic / Skilled] Final Attributes: You were piously aligned. Hunger level was 723. Your alignment was 35 / 36. Monster difficulty range was 1 - 8. Level difficulty was 7. You were immune to cold. You resisted sleep. You were magic-protected. You were telepathic. You had a +3 damage bonus. You were lucky (1). You are dead. Vanquished creatures: a large mimic a winter wolf cub a leprechaun 4 chickatrices a Woodland-elf a snow ant a wood nymph a mountain nymph 4 Mordor orcs 2 rock moles 2 ponies a yellow light a violet fungus 7 gnome lords 2 gnomish wizards a red naga hatchling a black naga hatchling a baby crocodile a floating eye a kitten 8 dwarves a hill orc a rothe 4 dwarf zombies 2 wererats 2 iguanas 2 acid blobs a coyote 6 hobbits a manes a hobgoblin 8 giant rats a yellow mold 2 green molds a red mold 34 gnomes 2 garter snakes a gecko 6 jackals a fox 2 kobolds 3 goblins 4 sewer rats 6 grid bugs 4 lichens a kobold zombie 6 newts 146 creatures vanquished. Voluntary challenges: You used a wielded weapon 115 times. You read items or engraved 269 times. You put on armor 5 times. You never genocided any monsters. You never polymorphed an object. You never changed form. You used no wishes. You wrote Elbereth's name 134 times. You never encountered a bones level. You never used any Sokoban shortcuts. Dungeon overview: The Dungeons of Doom: levels 1 to 5 Level 1 a long staircase Level 2 a general store stairs to The Gnomish Mines Level 3 a general store Level 4 a fountain Level 5 a fountain The Gnomish Mines: levels 3 to 7 Level 3 stairs to The Dungeons of Doom Level 5 many shops, a temple, a magic chest, some fountains Level 7 <- You were here History has recorded: On T:1 you entered the Dungeons of Doom to retrieve the Amulet of Yendor! On T:529 you advanced to experience level 2. On T:716 you advanced to experience level 3. On T:731 you reached level 2 of The Dungeons of Doom. On T:1005 you advanced to experience level 4. On T:1010 you reached level 1 of The Gnomish Mines. On T:1219 you advanced to experience level 5. On T:1295 you reached level 3 of The Dungeons of Doom. On T:1779 you reached level 4 of The Dungeons of Doom. On T:1981 you advanced to experience level 6. On T:2344 you reached level 5 of The Dungeons of Doom. On T:2666 you advanced to experience level 7. On T:3619 you reached level 2 of The Gnomish Mines. On T:3624 you reached level 3 of The Gnomish Mines. On T:3806 you advanced to experience level 8. On T:4357 you reached level 4 of The Gnomish Mines. On T:4744 you reached level 5 of The Gnomish Mines. On T:4875 you advanced to experience level 9. Latest messages: You see here a hooded cloak. [HP+1=55] Something is written here in the dust. You read: "lberethElberethElberethElberetvElberethEyberethElberethElberethFlberethElberethElberet EWberethEl|erethElberethElberethLlbxrethElberethElberethElberethElberethElberethElberethElberethElbereth*lber/thElbe9ethE|bereth?lberethFlbIreth". There is a staircase up here. You see here a hooded cloak. The white unicorn butts! The white unicorn kicks! The white unicorn butts! The white unicorn kicks! [HP-23=32] You fail to cast the spell correctly. The white unicorn butts! The white unicorn kicks! The white unicorn butts! The white unicorn kicks! [HP-22=10] You hit the white unicorn! The white unicorn butts! You die... The sack is empty. (2x) Final status: Goodbye Ulik the Wizard... You died in The Gnomish Mines on dungeon level 7 with 689 points, and 23 pieces of gold, after 5219 moves. You were level 9 with a maximum of 70 hit points when you died.